 Dungeon Crawl Stone Soup version 0.26.1-11-gd32895ea62 (webtiles) character file.

Game seed: 11737385064915155962

340 Arcadio the Covert (level 6, -1/39 HPs)
             Began as an Octopode Brigand on May 22, 2021.
             Was a Follower of Fedhas.
             Slain by a howler monkey (8 damage)
             ... on level 4 of the Dungeon.
             The game lasted 00:05:21 (4313 turns).

Arcadio the Covert (Octopode Brigand)               Turns: 4313, Time: 00:05:22

Health: -1/39      AC:  1    Str: 11    XL:     6   Next: 56%
Magic:  6/6        EV: 13    Int: 13    God:    Fedhas [*.....]
Gold:   222        SH:  0    Dex: 15    Spells: 5/5 levels left

rFire    . . .     SeeInvis .   a - +2 dagger
rCold    . . .     Faith    .   (no shield)
rNeg     . . .     Spirit   .   (helmet restricted)
rPois    .         Reflect  .   (no amulet)
rElec    .         Harm     .   (no ring)
rCorr    .         Rampage  .   (no ring)
Will     .....                  (no ring)
Stlth    +++++.....             (no ring)
HPRegen  0.13/turn              (no ring)
MPRegen  0.10/turn              (no ring)
                                (no ring)
                                (no ring)

@: no status effects
A: almost no armour, stealthy swim, amphibious, 8 rings, constrict 8, camouflage
1, gelatinous body 1
a: Renounce Religion


You were on level 4 of the Dungeon.
You worshipped Fedhas.
Fedhas was aware of your devotion.
You visited 1 branch of the dungeon, and saw 4 of its levels.
You also visited: Sewer.

You collected 222 gold pieces.

Inventory:

Hand Weapons
 a - a +2 dagger (weapon)
Missiles
 b - 41 poisoned darts (quivered)
 c - 4 curare-tipped darts
Magical Staves
 u - an uncursed staff of fire {unknown}
Jewellery
 f - a +6 ring of intelligence {unknown}
 n - an uncursed ring of resist corrosion {unknown}
 t - an uncursed ring of flight {unknown}
Scrolls
 g - a scroll of fog {unknown}
 k - a scroll of remove curse {unknown}
 l - a scroll of noise {unknown}
 o - a scroll of enchant weapon {unknown}
 p - 3 scrolls of teleportation
 q - a scroll of fear {unknown}
 r - a scroll of amnesia {unknown}
Potions
 d - a potion of heal wounds {unknown}
 e - 2 potions of berserk rage {unknown}
 h - a potion of ambrosia {unknown}
 i - 2 potions of might
 j - 2 potions of curing {unknown}
 m - 2 potions of flight {unknown}
 s - 3 potions of lignification


   Skills:
 - Level 2.0 Fighting
 + Level 4.9 Short Blades
 - Level 2.0 Throwing
 - Level 1.0 Dodging
 + Level 8.5 Stealth


You had 5 spell levels left.
You didn't know any spells.
Your spell library was empty.

Dungeon Overview and Level Annotations

Branches:
Dungeon (4/15)              Sewer (visited)
 Temple: D:4-7

Altars:
Fedhas
Hepliaklqana
Wu Jian
Xom
The Shining One


Innate Abilities, Weirdness & Mutations

You cannot wear most types of armour.
You are very stealthy in the water. (Stealth+)
You are amphibious.
You can wear up to eight rings at the same time.
You can use your tentacles to constrict eight enemies at once.
Your skin changes colour to match your surroundings (Stealth+).
Your rubbery body absorbs attacks. (AC +1, EV +1)


Message History

You constrict the orc, but do no damage.
The howler monkey hits you.
* * * LOW HITPOINT WARNING * * *
You hit the orc but do no damage.
The orc is heavily wounded.
You constrict the orc, but do no damage.
The orc closely misses you.
You hit the orc but do no damage.
The orc is heavily wounded.
You constrict the orc. The howler monkey hits you.
* * * LOW HITPOINT WARNING * * *
The orc closely misses you.
You hit the orc but do no damage.
The orc is almost dead.
You constrict the orc.
You kill the orc!
Fedhas accepts your kill. The howler monkey hits you!
You die...
Fedhas appreciates your contribution to the ecosystem.

#...###.# #........#
.........# ..#........#
.o#........#
...........## .
...........<## ...
...=.........####.....
......?......[@h......
.............###......
......รท.[....#........
.....>...............)
......(...............
..............##### ##
.l...........##
.............#
.....#.........#


You could see a howler monkey.

Vanquished Creatures
  A big kobold (Sewer)
  A bullfrog skeleton (D:4)
  Jessica (D:3)
  An iguana (D:4)
  Natasha (thrice) (D:3)
  A howler monkey skeleton (D:3)
  A river rat (Sewer)
  An adder (D:3)
  An ooze (D:1)
  An adder skeleton (D:4)
  A worm (D:2)
  3 dart slugs (D:1)
  A leopard gecko (D:1)
  4 orcs
  7 bats
  5 giant cockroaches (D:3)
  10 goblins
  9 hobgoblins
  A jackal (Sewer)
  4 frilled lizards
  10 kobolds
  8 rats
75 creatures vanquished.

Vanquished Creatures (others)
  A plant (D:2)
1 creature vanquished.

Grand Total: 76 creatures vanquished

Notes
Turn   | Place    | Note
-------+----------+-------------------------------------------
     0 | D:1      | Arcadio the Octopode Brigand began the quest for the Orb.
     0 | D:1      | Reached XP level 1. HP: 14/14 MP: 1/1
    34 | D:1      | Reached XP level 2. HP: 12/19 MP: 2/2
   383 | D:1      | Reached skill level 6 in Stealth
   440 | D:1      | Reached XP level 3. HP: 18/24 MP: 3/3
   543 | D:1      | HP: 1/24 [dart slug/slug dart (8)]
  1339 | D:2      | Found a faded altar of an unknown god.
  1845 | D:2      | Found a blossoming altar of Fedhas.
  1845 | D:2      | Found an ornate altar of the Wu Jian Council.
  1846 | D:2      | Found a shimmering altar of Xom.
  1861 | D:2      | Became a worshipper of Fedhas Madash
  2005 | D:2      | Found a hazy altar of Hepliaklqana.
  2269 | D:3      | Reached XP level 4. HP: 29/29 MP: 4/4
  2301 | D:3      | Found a glowing drain.
  2340 | Sewer    | Entered a sewer
  2422 | Sewer    | Noticed a big kobold
  2448 | Sewer    | Killed a big kobold
  2449 | Sewer    | Reached skill level 7 in Stealth
  2449 | Sewer    | Reached XP level 5. HP: 17/34 MP: 5/5
  2671 | Sewer    | Found a white marble altar of Elyvilon.
  2739 | D:3      | Noticed Jessica
  2746 | D:3      | Killed Jessica
  2960 | D:3      | Found a glowing golden altar of the Shining One.
  3186 | D:3      | Reached * piety under Fedhas
  3231 | D:3      | Noticed Natasha
  3236 | D:3      | Killed Natasha
  3237 | D:3      | Reached XP level 6. HP: 28/39 MP: 6/6
  3238 | D:3      | Noticed Natasha
  3242 | D:3      | Killed Natasha
  3243 | D:3      | Reached skill level 8 in Stealth
  3392 | D:3      | Noticed Natasha
  3404 | D:3      | Killed Natasha
  3772 | D:4      | Noticed a phantom
  4313 | D:4      | Slain by a howler monkey

Illustrated notes

Levels and vault maps discovered:
D:1:      minmay_arrival_checkered_box, layout_rooms
D:2:      layout_loops_cross, nicolae_overflow_quartered_altars, serial_forest,
          infiniplex_forest_clump_cross, infiniplex_forest_end_3,
          infiniplex_forest_lined_room_, infiniplex_forest_side_room,
          infiniplex_forest_lined_room_3, infiniplex_forest_zigzag_1,
          infiniplex_forest_lined_room_, infiniplex_forest_lined_2,
          chequers_ecumenical_altar_simple
D:3:      layout_basic, tso_metal_star, portal_sewer_entry_f, uniq_natasha,
          uniq_jessica
D:4:      layout_rooms, kennysheep_generic_room_7

Skill      XL: |  1  2  3  4  5  6 |
---------------+-------------------+-----
Stealth        | 6 7 8 |  8.5
Short Blades   | 3 4 |  4.9
Fighting       | |  2.0
Throwing       | |  2.0
Dodging        | |  1.0

Action                   |  1- 3 |  4- 6 || total
-------------------------+-------+-------++-------
Melee: Dagger            |    92 |    94 ||   186
       Tentacles         |    15 |    11 ||    26
       Constrict         |    22 |    18 ||    40
  Use: Scroll            |       |     5 ||     5
 Stab: Sleeping          |     5 |    13 ||    18
       Distracted        |       |     1 ||     1
Armor: Skin              |    17 |     3 ||    20
Dodge: Dodged            |    68 |    33 ||   101
